 Dungeon Crawl Stone Soup version 0.25.1-8-g42b30a86e7 (webtiles) character file.

Game seed: 12286282670606487379

422 gruber the Chiller (level 6, -2/41 HPs)
             Began as a Demonspawn Ice Elementalist on Dec 21, 2020.
             Slain by a mummy (13 damage)
             ... in an ossuary.
             The game lasted 00:05:29 (4967 turns).

gruber the Chiller (Demonspawn Ice Elementalist)    Turns: 4967, Time: 00:05:29

Health: -2/41      AC:  6    Str: 14    XL:     6   Next: 63%
Magic:  0/11       EV: 12    Int: 19    God:
Gold:   226        SH:  0    Dex: 13    Spells: 3/12 levels left

rFire    + . .     SeeInvis .   a - +0 spear (venom)
rCold    + . .     Gourm    .   (no shield)
rNeg     + . .     Faith    .   r - +2 robe {Archmagi}
rPois    .         Spirit   +   (no helmet)
rElec    .         Reflect  .   s - scarf {rC+ rF+}
rCorr    .         Harm     .   (no gloves)
MR       .....                  t - +1 pair of boots {Fly}
Stlth    ++........             (no amulet)
HPRegen  0.13/turn              l - +6 ring of strength
MPRegen  0.12/turn              o - ring of positive energy

@: brilliant, frozen ramparts, flying
A: claws 1, magic shield
a: Stop Flying


You were in an ossuary.
You were not hungry.

You visited 1 branch of the dungeon, and saw 4 of its levels.
You also visited: Ossuary.

You collected 226 gold pieces.

Inventory:

Hand Weapons
 a - a +0 spear of venom (weapon)
Missiles
 k - 7 atropa-tipped darts (quivered)
 p - 13 poisoned darts
Armour
 r - a +2 robe of the Archmagi (worn)
 s - a scarf of resistance (worn)
 t - a +1 pair of boots of flying (worn)
Jewellery
 l - a +6 ring of strength (left claw)
 o - a ring of positive energy (right claw)
Scrolls
 b - a scroll of magic mapping {unknown}
 d - a scroll of remove curse {unknown}
 f - a scroll of immolation {unknown}
 h - 5 scrolls of identify {unknown}
 i - a scroll of random uselessness {unknown}
 j - a scroll of enchant armour {unknown}
 m - 2 scrolls of enchant weapon {unknown}
 n - a scroll of noise {unknown}
Potions
 q - 2 potions of lignification {unknown}
 u - a potion of might {unknown}
Comestibles
 c - 8 rations
 v - 2 chunks of flesh


   Skills:
 + Level 0.2 Polearms
 - Level 1.7 Dodging
 - Level 1.7 Stealth
 + Level 3.9 Spellcasting
 * Level 6.4 Ice Magic


You had 3 spell levels left.
You knew the following spells:

 Your Spells              Type           Power        Failure   Level  Hunger
a - Freeze                Ice            ####         1%          1    None
b - Frozen Ramparts       Ice            ######       3%          3    None
c - Pain                  Necr           #...         14%         1    None
d - Hailstorm             Conj/Ice       #####...     36%         4    None

Your spell library contained the following spells:

 Spells                   Type           Power        Failure   Level  Hunger
 Ozocubu's Armour         Chrm/Ice       #####...     11%         3    None
 Animate Skeleton         Necr           N/A          14%         1    None
 Vampiric Draining        Necr           #.........   38%         3    None
 Summon Ice Beast         Ice/Summ       #####...     36%         4    None
 Animate Dead             Necr           N/A          80%         4    None
 Agony                    Necr           #.......     98%         5    None


Dungeon Overview and Level Annotations

Branches:
Dungeon (4/15)            Ossuary (1/1)
 Temple: D:4-7

Altars:
Okawaru
The Shining One

Annotations:
D:4 Pikel


Innate Abilities, Weirdness & Mutations

You have sharp fingernails.
When hurt, damage is shared between your health and your magic reserves.


Message History

You feel a strong surge of power!
The walls around you are covered in ice.
The mummy resists.
The wall freezes the mummy!
The mummy hits you.
* * * LOW HITPOINT WARNING * * *
Unknown command.
Unknown command.
Unknown command.
Attack whom?
Press: ? - help, Dir - move target cursor, f - mummy
Aim: a mummy (heavily damaged)
You hit the mummy.
The mummy is severely damaged.
Unknown command.
Attack whom?
Press: ? - help, Dir - move target cursor, f/p - mummy
Aim: a mummy (severely damaged)
You hit the mummy but do no damage.
The mummy is severely damaged.
The mummy resists.
The wall freezes the mummy.
The mummy hits you!
You die...

#######
#.#.#.#
#..M..#
##..@##
#.∩.#
#...#
#.∩.#
#...#
##+##


You could see a mummy.

Vanquished Creatures
  Sigmund (D:3)
  An orc priest (D:3)
  2 worker ants (D:4)
  2 mummies (Ossuary)
  7 adders
  An ooze (D:2)
  4 worms
  A dart slug (D:3)
  A leopard gecko (D:2)
  4 orcs (D:3)
  7 bats
  2 giant cockroaches
  10 goblins
  6 hobgoblins
  3 jackals (D:3)
  2 kobolds
  3 quokkas
  2 ball pythons
  5 frilled lizards
  A quokka skeleton (D:4)
  24 rats
89 creatures vanquished.

Notes
Turn   | Place    | Note
-------+----------+-------------------------------------------
     0 | D:1      | gruber the Demonspawn Ice Elementalist began the quest for
                  | the Orb.
     0 | D:1      | Reached XP level 1. HP: 13/13 MP: 3/3
   367 | D:1      | Reached skill level 4 in Ice Magic
   393 | D:1      | Gained mutation: You have sharp fingernails. [demonic
                  | ancestry]
   393 | D:1      | Reached XP level 2. HP: 19/19 MP: 3/5
  1580 | D:2      | Reached XP level 3. HP: 20/24 MP: 2/6
  1760 | D:2      | Learned a level 3 spell: Frozen Ramparts
  2411 | D:2      | Gained mutation: When hurt, damage is shared between your
                  | health and your magic reserves. [demonic ancestry]
  2411 | D:2      | Reached XP level 4. HP: 25/30 MP: 5/7
  2785 | D:2      | Reached skill level 5 in Ice Magic
  3350 | D:3      | Found an iron altar of Okawaru.
  3779 | D:3      | Noticed Sigmund
  3808 | D:3      | Killed Sigmund
  3808 | D:3      | Reached skill level 6 in Ice Magic
  3808 | D:3      | Reached XP level 5. HP: 23/35 MP: 1/10
  3808 | D:3      | Reached XP level 6. HP: 26/41 MP: 1/11
  4195 | D:3      | Found a glowing golden altar of the Shining One.
  4385 | D:3      | Learned a level 1 spell: Pain
  4390 | D:3      | Learned a level 4 spell: Hailstorm
  4660 | D:4      | Noticed a slave
  4660 | D:4      | Noticed a slave
  4661 | D:4      | Noticed Pikel
  4856 | D:4      | Found a sand-covered staircase.
  4933 | Ossuary  | Entered an ossuary
  4967 | Ossuary  | Slain by a mummy

Illustrated notes

Levels and vault maps discovered:
D:1:      eino_arrival_druids_welcome, layout_loops_ring, serial_forest,
          infiniplex_forest_clump_tiny, infiniplex_forest_lined_3,
          infiniplex_forest_zigzag_1, infiniplex_forest_straight_2,
          infiniplex_forest_clump_large, infiniplex_forest_clump_tiny
D:2:      layout_basic, dk_noncrumbling_4, minmay_rat_hole
D:3:      layout_loops_ring, nicolae_tso_carved_into_rock,
          kennysheep_okawaru_gauntlet, uniq_sigmund
D:4:      minmay_diamond_boxcup, layout_basic, zin_scriptorium,
          nicolae_ossuary_entry_false_entrances, kennysheep_another_room,
          uniq_pikel
Ossuary:  ossuary_minmay_chase

Skill      XL: |  1  2  3  4 |
---------------+-------------+-----
Ice Magic      | 4 6 |  6.4
Spellcasting   | 3 |  3.9
Polearms       | |  0.2
Dodging        | |  1.7
Stealth        | |  1.7

Action                   |  1- 3 |  4- 6 || total
-------------------------+-------+-------++-------
Melee: Unarmed           |    92 |    42 ||   134
       Spear             |       |    33 ||    33
Throw: Dart              |       |     4 ||     4
 Cast: Freeze            |    27 |     7 ||    34
       Frozen Ramparts   |     2 |    20 ||    22
  Use: Potion            |       |     2 ||     2
 Stab: Sleeping          |     4 |     3 ||     7
       Distracted        |     1 |       ||     1
  Eat: Chunk             |     6 |     9 ||    15
Armor: Robe              |    31 |    15 ||    46
Dodge: Dodged            |    55 |    58 ||   113
